 Dungeon Crawl Stone Soup version 0.28-a0-1632-g283549b12f (webtiles) character file.

Game seed: 13192425881684413822

5717 Bzinder the Covert (level 10, -1/46 HPs)
             Began as a Spriggan Enchanter on Jan 25, 2022.
             Was a Believer of Dithmenos.
             Slain by a vampire mosquito (8 damage)
             ... on level 11 of the Dungeon.
             The game lasted 00:23:17 (10341 turns).

Bzinder the Covert (Spriggan Enchanter)            Turns: 10341, Time: 00:23:18

Health: -1/46      AC:  4    Str:  8    XL:     10   Next: 48%
Magic:  18/25      EV: 18    Int: 17    God:    Dithmenos [**....]
Gold:   1090       SH:  0    Dex: 16    Spells: 18/29 levels left

rFire   . . .      SeeInvis +   y - +7 captain's cutlass {speed, disarm}
rCold   . . .      Faith    .   (no shield)
rNeg    . . .      Spirit   .   D - +2 robe {Archmagi}
rPois   +          Reflect  .   (helmet restricted)
rElec   .          Harm     .   (no cloak)
rCorr   +          Rampage  .   (gloves unavailable)
Will    +....      Archmagi +   (boots unavailable)
Stlth   +++++++...              h - amulet of regeneration
HPRegen 0.95/turn               d - ring of resist corrosion
MPRegen 0.19/turn               C - ring of poison resistance

@: about to teleport, flying (expiring), wreathed by umbra, very quick
A: very small, no large weapons, unfitting armour, see invisible, speed 3
a: Renounce Religion, Shadow Step


You were on level 11 of the Dungeon.
You worshipped Dithmenos.
Dithmenos was pleased with you.
You visited 2 branches of the dungeon, and saw 12 of its levels.
You also visited: Ossuary.

You collected 1298 gold pieces.
You spent 208 gold pieces at shops.

Inventory:

Hand Weapons
 a - a +2 spectral dagger
 y - the +7 captain's cutlass (weapon) {speed, disarm}
   (You found it on level 5 of the Dungeon)

   Attacks with this weapon are significantly faster.
   It may disarm weapon-wielding foes when striking them, dealing extra damage
   in the process.
Missiles
 c - 3 throwing nets
 e - 6 curare-tipped darts (quivered)
 v - 8 datura-tipped darts
 F - 12 poisoned darts
Armour
 D - a +2 robe of the Archmagi (worn)
Jewellery
 d - a ring of resist corrosion (left hand)
 h - an amulet of regeneration (around neck)
 B - a ring of fire
 C - a ring of poison resistance (right hand)
Wands
 g - a wand of acid (11)
 w - a wand of flame (21)
 E - a wand of polymorph (7)
 J - a wand of paralysis (7)
Scrolls
 f - a scroll of brand weapon
 i - 5 scrolls of teleportation
 k - a scroll of amnesia
 t - 5 scrolls of fog
 x - 3 scrolls of fear
 G - a scroll of blinking
 H - a scroll of magic mapping
 I - 2 scrolls of identify
 K - 2 scrolls of summoning
Potions
 b - 4 potions of heal wounds
 l - a potion of haste
 m - 2 potions of cancellation
 n - 2 potions of flight
 o - 8 potions of curing
 p - 3 potions of attraction {unknown}
 q - 4 potions of ambrosia
 r - a potion of degeneration {unknown}
 s - 2 potions of mutation {unknown}
 u - a potion of magic {unknown}
 z - 2 potions of lignification
 L - a potion of brilliance
Miscellaneous
 j - a lightning rod (4/4)
 A - a condenser vane


   Skills:
 + Level 1.9 Fighting
 + Level 6.2 Short Blades
 + Level 4.3 Dodging
 + Level 12.6 Stealth
 + Level 10.4 Spellcasting
 + Level 10.8 Hexes


You had 18 spell levels left.
You knew the following spells:

 Your Spells              Type           Power      Damage    Failure   Level
a - Ensorcelled Hibernat  Hex/Ice        80%        N/A       1%          2
b - Tukima's Dance        Hex            62%        N/A       1%          3
c - Dazzling Flash        Conj/Hex       80%        N/A       2%          3
d - Confusing Touch       Hex            62%        N/A       1%          3

Your spell library contained the following spells:

 Spells                   Type           Power      Damage    Failure   Level
 Slow                     Hex            100%       N/A       1%          1
 Animate Skeleton         Necr           26%        N/A       9%          1
 Apportation              Tloc           26%        N/A       9%          1
 Beastly Appendage        Tmut           26%        N/A       9%          1
 Pain                     Necr           52%        1d6       9%          1
 Anguish                  Hex/Necr       20%        N/A       9%          4
 Blink                    Tloc           26%        N/A       12%         2
 Static Discharge         Conj/Air       13%        N/A       12%         2
 Wereblood                Tmut           13%        N/A       12%         2
 Conjure Flame            Conj/Fire      13%        6-21      24%         3
 Ignite Poison            Fire/Tmut/Pois 13%        N/A       24%         3
 Lesser Beckoning         Tloc           13%        N/A       24%         3
 Spider Form              Tmut/Pois      13%        N/A       24%         3
 Vampiric Draining        Necr           13%        2d6       24%         3
 Dispel Undead            Necr           13%        3d9       63%         4
 Hailstorm                Conj/Ice       13%        3d5       63%         4
 Ice Form                 Ice/Tmut       13%        N/A       63%         4
 Sticky Flame             Conj/Fire      13%        2d4       63%         4
 Summon Lightning Spire   Summ/Air       13%        N/A       63%         4
 Enfeeble                 Hex            31%        N/A       63%         7
 Alistair's Intoxication  Tmut/Pois      8%         N/A       92%         5
 Fireball                 Conj/Fire      6%         3d5       92%         5
 Iskenderun's Battlesphe  Conj           13%        2d7       92%         5
 Manifold Assault         Tloc           13%        N/A       92%         5
 Conjure Ball Lightning   Conj/Air       6%         3x3d6     100%        6
 Simulacrum               Ice/Necr       6%         N/A       100%        6
 Orb of Destruction       Conj           6%         9d6       100%        7
 Summon Hydra             Summ           6%         N/A       100%        7


Dungeon Overview and Level Annotations

Branches:
Dungeon (11/15)            Temple (1/1) D:6            Lair (0/6) D:8
Ossuary (visited)
    Orc: D:9-12

Altars:
Cheibriados
Dithmenos
Fedhas
Hepliaklqana
Kikubaaqudgha
Nemelex Xobeh
Okawaru
Qazlal
Ru
Sif Muna
Trog
Vehumet
Xom
Yredelemnul
Zin
The Shining One

Shops:
D:6 !   D:7 (


Innate Abilities, Weirdness & Mutations

You are very small and have problems with some larger weapons.
You are too small for most types of armour.
You have supernaturally acute eyesight. (SInv)
You cover ground extremely quickly. (Speed+++)


Message History

The orc warrior misses you.
The orc priest hits you but does no damage.
Casting: Ensorcelled Hibernation (safe; 1% risk of failure)
Confirm with . or Enter, or press ? or * to list all spells.
Aiming: Ensorcelled Hibernation (safe; 1% risk of failure)
Press: ? - help, Shift-Dir - straight line, f/p - orc warrior
Aim: an orc warrior, wielding a +0 glaive and wearing a +0 chain mail (umbra, chance to affect: 66%)
You feel a surge of power!
The orc warrior looks drowsy...
The vampire mosquito bites you.
The vampire mosquito draws strength from your injuries!
The vampire mosquito barely misses you.
The vampire mosquito closely misses you.
The vampire mosquito bites you!
The vampire mosquito draws strength from your injuries!
The orc priest completely misses you.
The helpless orc warrior fails to defend itself.
You spit the orc warrior like a pig!!!
You kill the orc warrior!
Dithmenos accepts your kill.
The vampire mosquito completely misses you.
The vampire mosquito bites you.
The vampire mosquito draws strength from your injuries!
As you read the scroll of teleportation, it crumbles to dust.
You feel strangely unstable. The vampire mosquito bites you!
* * * LOW HITPOINT WARNING * * *
The vampire mosquito draws strength from your injuries!
The vampire mosquito misses you. The orc wizard misses you.
The orc priest casts a cantrip, but nothing happens.
The vampire mosquito bites you.
* * * LOW HITPOINT WARNING * * *
The vampire mosquito draws strength from your injuries!
The vampire mosquito bites you but does no damage.
Unknown command.
Unknown command.
As you read the scroll of fear, it crumbles to dust.
You assume a fearsome visage.
The vampire mosquito is unaffected. x3
The orc priest looks frightened!
The orc wizard looks frightened!
The vampire mosquito closely misses you.
The vampire mosquito bites you!
You die...

#........#
##........#
#.........
#.......#
#.......#
####.......#
#......oo..#
#.....y@)..#
#....#..y....#
#....#.......#
#....#####...#
#....# ...#
#....# y.#
#....# .#
#..y.# .#
#.k..####


You could see 3 vampire mosquitoes, an orc priest (fleeing) and an orc wizard
(fleeing).

Vanquished Creatures
  A centaur warrior (D:10)
  A troll (D:10)
  A hornet (D:9)
  2 wraiths
  2 basilisks (D:8)
  2 wyverns (D:8)
  A steam dragon (D:8)
  Menkaure (D:4)
  3 acid dragons
  A water moccasin (D:9)
  2 orc warriors
  2 necrophages
  4 centaurs
  A phantom (D:4)
  2 kobold brigands (D:7)
  A wyvern zombie (D:6)
  A gnoll sergeant (D:8)
  3 scorpions
  3 killer bees (D:9)
  A wight (D:5)
  4 centaur zombies
  4 hounds (D:6)
  2 gnoll shamans
  6 orc priests
  A bullfrog skeleton (D:5)
  A centaur skeleton (D:6)
  An iguana (D:6)
  6 orc wizards
  2 killer bee zombies
  2 hound zombies (D:5)
  3 mummies (Ossuary)
  2 hound skeletons (D:4)
  18 gnolls
  A howler monkey skeleton (D:5)
  11 adders
  2 shadow imps
  2 white imps
  A dart slug (D:2)
  A worm (D:2)
  41 orcs
  4 ball pythons
  9 endoplasms
  4 giant cockroaches
  5 goblins
  9 hobgoblins
  14 jackals
  3 quokkas
  3 bats
  3 frilled lizards
  5 goblin zombies (Ossuary)
  3 hobgoblin zombies (Ossuary)
  9 kobolds
  2 kobold zombies (Ossuary)
  6 rats
  A spectral orc (D:4)
226 creatures vanquished.

Vanquished Creatures (collateral kills)
  An ogre (D:7)
  3 wights (D:5)
  2 gnolls
6 creatures vanquished.

Vanquished Creatures (others)
  A dancing weapon (D:3)
1 creature vanquished.

Grand Total: 233 creatures vanquished

Notes
Turn   | Place    | Note
-------+----------+-------------------------------------------
     0 | D:1      | Bzinder the Spriggan Enchanter began the quest for the Orb.
     0 | D:1      | Reached XP level 1. HP: 9/9 MP: 5/5
   403 | D:1      | Reached XP level 2. HP: 13/13 MP: 7/7
   437 | D:1      | Learned a level 2 spell: Ensorcelled Hibernation
   916 | D:1      | Reached XP level 3. HP: 16/16 MP: 6/9
   920 | D:1      | Learned a level 3 spell: Tukima's Dance
   924 | D:1      | Learned a level 3 spell: Dazzling Flash
   948 | D:1      | Found a faded altar of an unknown god.
  1840 | D:2      | Reached XP level 4. HP: 15/21 MP: 11/11
  2284 | D:2      | Reached skill level 5 in Hexes
  2575 | D:2      | Found a shimmering altar of Xom.
  3147 | D:3      | Reached skill level 5 in Spellcasting
  3147 | D:3      | Reached XP level 5. HP: 19/24 MP: 9/13
  3445 | D:3      | Learned a level 3 spell: Confusing Touch
  3681 | D:4      | Reached skill level 5 in Stealth
  3865 | D:4      | Noticed Menkaure
  3879 | D:4      | Killed Menkaure
  3880 | D:4      | Reached skill level 6 in Stealth
  3880 | D:4      | Reached XP level 6. HP: 19/28 MP: 15/15
  4060 | D:4      | Found a sand-covered staircase.
  4065 | Ossuary  | Entered an ossuary
  4065 | Ossuary  | Noticed a wraith
  4065 | Ossuary  | Noticed a wraith
  4065 | Ossuary  | Noticed a wraith
  4395 | Ossuary  | Noticed a wraith
  4421 | Ossuary  | Killed a wraith
  4422 | Ossuary  | Reached XP level 7. HP: 28/32 MP: 17/17
  4695 | D:4      | Found a basalt altar of Yredelemnul.
  4845 | D:4      | Reached skill level 7 in Stealth
  5343 | D:5      | Entered Level 5 of the Dungeon
  5514 | D:5      | Found the +7 captain's cutlass {speed, disarm}
  5525 | D:5      | Reached skill level 8 in Stealth
  5575 | D:5      | Reached XP level 8. HP: 36/36 MP: 20/20
  5730 | D:5      | Identified a scroll of acquirement
  5730 | D:5      | Acquired 487 gold pieces
  6189 | D:6      | Reached skill level 9 in Stealth
  6660 | D:6      | Found Kifi Vadd's Distillery.
  6668 | D:6      | Bought a potion of heal wounds for 65 gold pieces
  6668 | D:6      | Bought a potion of ambrosia for 104 gold pieces
  6668 | D:6      | Bought a potion of curing for 39 gold pieces
  6825 | D:6      | Found a staircase to the Ecumenical Temple.
  6851 | Temple   | Entered the Ecumenical Temple
  6941 | Temple   | Became a worshipper of Dithmenos the Shadowed
  7291 | D:7      | Reached skill level 10 in Stealth
  7717 | D:7      | Reached XP level 9. HP: 19/39 MP: 20/22
  7748 | D:7      | Found Kujit's Weapon Shoppe.
  8200 | D:8      | Reached * piety under Dithmenos
  8777 | D:8      | Reached skill level 11 in Stealth
  8842 | D:8      | Reached skill level 5 in Short Blades
  8927 | D:8      | Found a staircase to the Lair.
  9145 | D:9      | Reached skill level 10 in Hexes
  9211 | D:9      | Reached ** piety under Dithmenos
  9352 | D:9      | Reached skill level 12 in Stealth
  9352 | D:9      | Reached skill level 10 in Spellcasting
  9352 | D:9      | Reached XP level 10. HP: 44/44 MP: 23/25
  9763 | D:10     | Entered Level 10 of the Dungeon
  9870 | D:10     | Reached skill level 1 in Fighting
  9877 | D:10     | Noticed a centaur warrior
  9888 | D:10     | Killed a centaur warrior
 10312 | D:10     | Got the Volume of Creative Dislocation
 10341 | D:11     | Slain by a vampire mosquito

Illustrated notes

Levels and vault maps discovered:
D:1:      co_arrival_random_square_maze, layout_basic,
          ebering_ecumenical_altar_petrified
D:2:      layout_basic, basic_altar, lightli_corner_chamber
D:3:      layout_basic
D:4:      minmay_thinvault, layout_basic, yredelemnul_forgotten_temple_becter,
          enter_ossuary_5, uniq_menkaure
D:5:      layout_gridville
D:6:      layout_loops_ring, temple_statues, kennysheep_small_square
D:7:      layout_basic, serial_shops, nicolae_shop_waterfront
D:8:      layout_rooms, erik_lair_dragon, st_stairs_6
D:9:      layout_rooms, special_room [special_room_orc],
          hangedman_abyss_or_decor_clamps
D:10:     lemuel_flame_loot_2, layout_cave_pools
D:11:     layout_basic, erik_orc_3, pond
Temple:   minmay_crystal_snake_temple

Skill      XL: |  1  2  3  4  5  6  7  8  9 10 |
---------------+-------------------------------+-----
Spellcasting   | 3 4 5 6 7 8 10 | 10.4
Hexes          | 4 5 6 7 9 10 | 10.8
Stealth        | 6 8 10 12 | 12.6
Short Blades   | 3 5 6 |  6.2
Dodging        | 4 |  4.3
Fighting       | 1 |  1.9

Action                   |  1- 3 |  4- 6 |  7- 9 | 10-12 || total
-------------------------+-------+-------+-------+-------++-------
Melee: Dagger            |    94 |   159 |    93 |       ||   346
       Punch             |       |     2 |     5 |       ||     7
       Cutlass           |       |       |   216 |    72 ||   288
 Cast: Ensorcelled Hiber |     3 |    10 |    45 |     9 ||    67
       Tukima's Dance    |       |     4 |    13 |       ||    17
       Confusing Touch   |       |     3 |     3 |       ||     6
  Use: Scroll            |     3 |     6 |     9 |     4 ||    22
       Potion            |       |     7 |     3 |     3 ||    13
 Stab: Sleeping          |    12 |    21 |    32 |     7 ||    72
       Distracted        |     2 |     2 |     2 |     1 ||     7
       Confused          |       |     3 |     3 |       ||     6
Armor: Robe              |     4 |    10 |    35 |    15 ||    64
Dodge: Dodged            |    62 |    96 |   228 |    67 ||   453

Table legend: (Time is in decaauts)
 A = Elapsed time spent in this place.
 B = Non-inter-level travel time spent in this place.
 C = Inter-level travel time spent in this place.
 D = Time resting spent in this place.
 E = Time spent auto-exploring this place.
 F = Levels seen in this place.
 G = Mean time per level.
                   A        B        C        D        E       F      G
               +--------+--------+--------+--------+--------+-----+--------+
         Total |   7480 |   7229 |    251 |    682 |   4875 |  13 |  575.4 |
       Dungeon |   7034 |   6823 |    211 |    660 |   4636 |  11 |  639.5 |
        Temple |     96 |     56 |     40 |      0 |     43 |   1 |   96.0 |
       Ossuary |    350 |    350 |      0 |     22 |    195 |   1 |  350.0 |
               +--------+--------+--------+--------+--------+-----+--------+

Top non-repeatable levels by time:
     D:1: 1205 daAuts
     D:2: 1142 daAuts
     D:4: 799 daAuts
     D:5: 685 daAuts
     D:6: 676 daAuts
     D:8: 635 daAuts
     D:7: 528 daAuts
     D:3: 518 daAuts
     D:9: 452 daAuts
    D:10: 372 daAuts
 Ossuary: 350 daAuts
  Temple: 96 daAuts
    D:11: 17 daAuts
